 Dungeon Crawl Stone Soup version 0.31-a0-303-gdc8c9485ea (webtiles) character file.

Game seed: 7530301431940004043

53 Sabo the Trooper (level 4, -5/37 HPs)
             Began as a Formicid Monk on July 16, 2023.
             Slain by a gnoll
             ... wielding a +0 halberd
              (13 damage)
             ... on level 2 of the Dungeon.
             The game lasted 00:06:20 (1311 turns).

Sabo the Trooper (Formicid Monk)                    Turns: 1311, Time: 00:06:20

Health: -5/37      AC:  3    Str: 17    XL:     4   Next: 11%
Magic:  4/4        EV: 13    Int: 10    God:
Gold:   64         SH:  0    Dex: 16    Spells: 3/3 levels left

rFire   . . .        a - +1 hand axe
rCold   . . .        d - orb {light}
rNeg    . . .        j - +0 leather armour
rPois   .            (helmet unavailable)
rElec   .            (no cloak)
rCorr   .            (no gloves)
SInv    +            (no boots)
Will    .....        (no amulet)
Stlth   +            (no ring)
HPRegen 0.26/turn    (no ring)
MPRegen 0.09/turn

%: no passive effects
@: confused, ambrosia-drunk, glowing
A: permanent stasis, dig shafts and tunnels, antennae 3, four strong arms
a: Dig, Shaft Self


You were on level 2 of the Dungeon.
You visited 1 branch of the dungeon, and saw 2 of its levels.

You collected 64 gold pieces.

Inventory:

Hand Weapons
 a - a +1 hand axe (weapon)
 f - a +0 sling
Missiles
 b - 3 javelins
 l - 2 poisoned darts (quivered)
Armour
 d - an orb of light (worn)
 j - a +0 leather armour (worn)
Scrolls
 k - a scroll of identify {unknown}
Potions
 e - a potion of brilliance {unknown}
 g - 4 potions of cancellation {unknown}
 h - a potion of degeneration {unknown}
 i - a potion of experience {unknown}


   Skills:
 + Level 3.9 Fighting
 + Level 3.6 Axes
 + Level 0.3 Armour
 + Level 3.2 Dodging
 + Level 0.4 Stealth


You had 3 spell levels left.
You didn't know any spells.
Your spell library contained the following spells:

 Spells                   Type           Power      Damage    Failure   Level
 Summon Small Mammal      Summ           0%         N/A       41%         1
 Call Canine Familiar     Summ           0%         N/A       80%         3
 Summon Guardian Golem    Hex/Summ       0%         N/A       80%         3


Dungeon Overview and Level Annotations

Branches:
Dungeon (2/15)

Altars:


Innate Abilities, Weirdness & Mutations

You cannot be hasted, slowed, berserked, paralysed or teleported.
You can dig through walls and to a lower floor.
You have a pair of large antennae on your head. (SInv)
Your four strong arms can wield two-handed weapons with a shield.


Message History

The gnoll is severely wounded.
You closely miss the quokka. The gnoll completely misses you.
The gnoll misses you. The quokka bites you.
You slash the gnoll!
You kill the gnoll!
You hit the quokka but do no damage.
The gnoll hits you from afar with a +0 spear.
The quokka closely misses you.
You have reached level 4!
You feel clever. The quokka misses you.
A hobgoblin comes into view.
The quokka closely misses you.
You hit the quokka.
You kill the quokka!
The gnoll barely misses you. The gnoll hits you with a +0 whip!
The gnoll closely misses you.
The gnoll hits you from afar with a +0 halberd.
You hit the gnoll.
The gnoll is moderately wounded.
The gnoll closely misses you.
The gnoll hits you from afar with a +0 spear!
* * * LOW HITPOINT WARNING * * *
The gnoll barely misses you. The gnoll misses you. The gnoll barely misses you.
You see here a quokka corpse.
You are confused.
You feel invigorated. The gnoll hits you with a +0 whip.
* * * LOW HITPOINT WARNING * * *
The gnoll closely misses you. x2
You bump into the rock wall.
The gnoll hits you with a +0 whip!
* * * LOW HITPOINT WARNING * * *
The gnoll hits you but does no damage. The gnoll barely misses you.
You bump into the rock wall.
The gnoll barely misses you. The gnoll hits you with a +0 whip.
* * * LOW HITPOINT WARNING * * *
The gnoll barely misses you.
The gnoll hits you from afar with a +0 spear.
* * * LOW HITPOINT WARNING * * *
The gnoll hits you from afar with a +0 halberd!
You die...

...#^###.......###...######
..##.###..###...........>.#
...........................
..##.....)###.........>...#
..##.8...†<....###...######
...............###...##
####......#######.....#
....#####.# ###...###
###.#####.# #@gg....#
#.......# #†##.##.#
######### #g##.# .# #g....
. ....... .. ......## #.
.#.....# .#.....# .....#..#


You could see 3 gnolls and a hobgoblin.

Vanquished Creatures
  A gnoll (D:2)
  An adder (D:2)
  A dart slug (D:2)
  3 endoplasms (D:1)
  4 goblins
  2 hobgoblins (D:1)
  9 jackals (D:1)
  2 quokkas
  A bat (D:1)
  2 frilled lizards (D:1)
  A quokka zombie (D:2)
  2 rats
29 creatures vanquished.

Notes
Turn   | Place    | Note
-------+----------+-------------------------------------------
     0 | D:1      | Sabo the Formicid Monk began the quest for the Orb.
     0 | D:1      | Reached XP level 1. HP: 18/18 MP: 1/1
   264 | D:1      | Reached XP level 2. HP: 24/24 MP: 2/2
   556 | D:1      | Found a faded altar of an unknown god.
   620 | D:1      | Reached XP level 3. HP: 18/30 MP: 3/3
  1304 | D:2      | Reached XP level 4. HP: 24/37 MP: 4/4
  1311 | D:2      | Slain by a gnoll

Illustrated notes

Levels and vault maps discovered:
D:1:      ncdulo_lavacross, layout_basic, ebering_ecumenical_altar_petrified
D:2:      layout_loops_cross, serial_undead, serial_undead_b, serial_undead_b,
          serial_undead_e, serial_undead_d, serial_undead_b, basic_altar,
          ebering_dispersal_statue_hall, grunt_ministairs_13, eino_tiny_chamber

Skill      XL: |  1  2 |
---------------+-------+-----
Dodging        | 3 |  3.2
Fighting       | |  3.9
Axes           | |  3.6
Armour         | |  0.3
Stealth        | |  0.4

Action                     |  1- 3 |  4- 6 || total
---------------------------+-------+-------++-------
  Melee: Hand axe          |    59 |     2 ||    61
    Use: Scroll            |     1 |       ||     1
         Potion            |       |     1 ||     1
 Armour: Robe              |     8 |       ||     8
         Leather armour    |     7 |     1 ||     8
  Dodge: Dodged            |    76 |    13 ||    89

Table legend: (Time is in decaauts)
 A = Elapsed time spent in this place.
 B = Non-inter-level travel time spent in this place.
 C = Inter-level travel time spent in this place.
 D = Time resting spent in this place.
 E = Time spent auto-exploring this place.
 F = Levels seen in this place.
 G = Mean time per level.
                   A        B        C        D        E       F      G
               +--------+--------+--------+--------+--------+-----+--------+
         Total |   1319 |   1319 |      0 |    146 |      0 |   2 |  659.5 |
       Dungeon |   1319 |   1319 |      0 |    146 |      0 |   2 |  659.5 |
               +--------+--------+--------+--------+--------+-----+--------+

Top non-repeatable levels by time:
     D:1: 1090 daAuts
     D:2: 228 daAuts
